 Dungeon Crawl Stone Soup version 0.28.0-62-gf88900778d (webtiles) character file.

Game seed: 15364896133798895793

11480 cbfl8 the Cleaver (level 11, -9/95 HPs)
             Began as a Minotaur Berserker on July 2, 2023.
             Was a Priest of Trog.
             Killed by refrigeration
             ... invoked by Fannar
              (27 damage)
             ... on level 10 of the Dungeon.
             The game lasted 00:14:58 (13829 turns).

cbfl8 the Cleaver (Minotaur Berserker)             Turns: 13829, Time: 00:14:59

Health: -9/95      AC: 21    Str: 21    XL:     11   Next: 49%
Magic:  10/10      EV:  8    Int:  4    God:    Trog [***...]
Gold:   459        SH:  5    Dex: 15    Spells: 10/10 levels left

rFire   . . .      SeeInvis .   t - +0 war axe
rCold   . . .      Faith    .   (no shield)
rNeg    . . .      Spirit   .   k - +0 plate armour
rPois   .          Reflect  +   s - +2 hat
rElec   .          Harm     .   A - +1 cloak
rCorr   .          Rampage  .   (no gloves)
Will    .....                   o - +1 pair of boots
Stlth   ..........              B - amulet of reflection
HPRegen 0.25/turn               (no ring)
MPRegen 0.12/turn               (no ring)

@: about to teleport
A: horns 2, retaliatory headbutt
a: Renounce Religion, Berserk, Trog's Hand


You were on level 10 of the Dungeon.
You worshipped Trog.
Trog was most pleased with you.
You visited 1 branch of the dungeon, and saw 10 of its levels.

You collected 635 gold pieces.
You spent 176 gold pieces at shops.

Inventory:

Hand Weapons
 t - a +0 war axe (weapon)
Armour
 k - a +0 plate armour (worn)
 o - a +1 pair of boots (worn)
 s - a +2 hat (worn)
 A - a +1 cloak (worn)
Jewellery
 B - an amulet of reflection (around neck)
Wands
 j - a wand of flame (12)
 x - a wand of acid (1) (quivered)
Scrolls
 a - 3 scrolls of vulnerability
 c - a scroll of acquirement {unknown}
 m - a scroll of fog
 n - a scroll of fear
 p - 4 scrolls of noise
 r - 2 scrolls of teleportation
 v - 2 scrolls of magic mapping
 w - a scroll of immolation {unknown}
 D - a scroll of blinking {unknown}
Potions
 b - 3 potions of berserk rage
 d - a potion of resistance
 e - 4 potions of lignification
 f - 6 potions of curing
 g - a potion of flight
 h - a potion of cancellation
 i - 2 potions of ambrosia {unknown}
 l - 2 potions of attraction {unknown}
 q - a potion of haste {unknown}
 u - a potion of brilliance {unknown}
 z - 2 potions of might {unknown}
 E - a potion of mutation {unknown}


   Skills:
 + Level 8.9 Fighting
 + Level 12.5 Axes
 + Level 10.2 Armour
 + Level 4.3 Dodging
 * Level 6.8 Stealth
 + Level 0.8 Shields
 * Level 6.7 Evocations


You had 10 spell levels left.
You didn't know any spells.
Your spell library was empty.

Dungeon Overview and Level Annotations

Branches:
Dungeon (10/15)            Temple (0/1) D:4            Lair (0/6) D:8
    Orc: D:9-12

Altars:
Cheibriados
Elyvilon
Fedhas
Gozag
Hepliaklqana
Kikubaaqudgha
Makhleb
Nemelex Xobeh
Trog
Uskayaw
Xom

Shops:
D:2 ![[   D:3 [   D:4 *   D:7 *

Annotations:
D:10 3 runed translucent doors, BiteMe's ghost, novice DsVM; Fannar


Innate Abilities, Weirdness & Mutations

You have a pair of horns on your head.
You reflexively headbutt those who attack you in melee.


Message History

Search for what [Enter for "."]?
Okay, then.
Okay, then.
Unknown command.
Press: ? - help, v - describe, . - travel The floor.
Unknown command.
Level map cleared.
Fannar shouts!
Fannar gestures wildly while chanting.
Fannar drains the heat from the surrounding environment!
Fannar gestures wildly while chanting.
Fannar drains the heat from the surrounding environment!
Fannar mumbles some strange words.
There are monsters nearby!
As you read the scroll of fear, it crumbles to dust.
You assume a fearsome visage.
Fannar resists with almost no effort.
The ice beast resists with some effort.
Aiming: Corrosive Bolt
Press: ? - help, Q - select action, (/) - cycle Shift-Dir - straight line, f - Fannar
Aim: Fannar, wielding a +0 quarterstaff of freezing, wearing a +1 robe of cold resistance and wearing a ring of ice (57% to hit)
The bolt of acid hits Fannar!
Fannar is lightly wounded.
Fannar points at you and mumbles some strange words.
The bolt of cold hits you!!
* * * LOW HITPOINT WARNING * * *
Aiming: Corrosive Bolt
Press: ? - help, Q - select action, (/) - cycle Shift-Dir - straight line, f/p - Fannar
Aim: Fannar, wielding a +0 quarterstaff of freezing, wearing a +1 robe of cold resistance and wearing a ring of ice (lightly wounded, 57% to hit)
The bolt of acid misses Fannar.
Unknown command.
Okay, then.
As you read the scroll of fear, it crumbles to dust.
You assume a fearsome visage.
Fannar resists with almost no effort.
The ice beast looks frightened!
As you read the scroll of teleportation, it crumbles to dust.
You feel strangely unstable.
Fannar casts a spell.
Fannar drains the heat from the surrounding environment!
You die...

*,,,..,,,,,,,,,*
*,,............#
*,....,........#####*******
#####...[.,,......<.....,,,,,,*
..........,,,...........,,,,,,*
..........,,,,..........,,,,,,*
..########****#.........,,,,,,*
..# #.........,,,,,,* ..#
#.@e....Y.,,,,,,*
..#############.........,,,,,,*
........................,,,,,,*
........................,,,,,,*
........................,,,,,,*
........................,,,,,,*
........................,,,,,,*
........................,,,,,,*
.[.....................,,,,,,,*


You could see Fannar and an ice beast (summoned, fleeing).

Vanquished Creatures
  Gastronok (D:9)
  4 two-headed ogres
  Erica (D:9)
  An unseen horror (D:10)
  Maggie (D:6)
  A komodo dragon (D:8)
  Prince Ribbit (D:9)
  Sigmund (D:2)
  A wyvern (D:8)
  A wraith (D:9)
  A shadow (D:9)
  3 yaks (D:10)
  Grum (D:10)
  Eustachio (D:6)
  2 steam dragons
  An acid dragon (D:10)
  A water moccasin (D:8)
  Duvessa (D:6)
  2 orc warriors
  An ice beast (D:7)
  2 sky beasts
  A necrophage (D:7)
  5 ogres
  2 black bears
  3 wolves (D:10)
  4 centaurs
  3 kobold brigands
  A phantom (D:6)
  Blork the orc (D:5)
  5 bullfrogs
  2 wyvern zombies
  3 gnoll sergeants
  2 scorpions
  Dowan (D:6)
  6 killer bees (D:9)
  7 wights
  An electric eel (D:7)
  2 centaur zombies
  2 jellies
  2 bullfrog zombies (D:6)
  4 hounds
  Crazy Yiuf (D:4)
  A gnoll shaman (D:9)
  2 bullfrog skeletons (D:5)
  An iguana (D:5)
  Terence (D:2)
  2 orc wizards
  A killer bee zombie (D:8)
  A howler monkey zombie (D:5)
  15 gnolls
  7 adders
  2 shadow imps (D:7)
  A worm (D:2)
  4 dart slugs
  24 orcs
  9 endoplasms
  6 giant cockroaches
  4 hobgoblins
  7 jackals
  3 quokkas
  2 ball pythons (D:1)
  3 bats
  2 frilled lizards
  13 goblins
  24 kobolds
  5 rats
  A spectral orc (D:7)
228 creatures vanquished.

Vanquished Creatures (others)
  23 plants
23 creatures vanquished.

Grand Total: 251 creatures vanquished

Notes
Turn   | Place    | Note
-------+----------+-------------------------------------------
     0 | D:1      | cbfl8 the Minotaur Berserker began the quest for the Orb.
     0 | D:1      | Reached XP level 1. HP: 19/19 MP: 0/0
   410 | D:1      | Reached skill level 4 in Axes
   446 | D:1      | Reached XP level 2. HP: 26/27 MP: 1/1
   552 | D:1      | Found a faded altar of an unknown god.
   803 | D:1      | Reached ** piety under Trog
   910 | D:1      | Reached XP level 3. HP: 33/33 MP: 2/2
  1014 | D:2      | Noticed Sigmund
  1014 | D:2      | Found Kuthav's Armour Shop.
  1148 | D:2      | Killed Sigmund
  1149 | D:2      | Reached skill level 5 in Axes
  1149 | D:2      | Reached skill level 1 in Stealth
  1149 | D:2      | Reached skill level 1 in Evocations
  1149 | D:2      | Reached XP level 4. HP: 41/41 MP: 3/3
  1149 | D:2      | Reached XP level 5. HP: 47/47 MP: 4/4
  1647 | D:2      | Reached XP level 6. HP: 51/53 MP: 5/5
  1673 | D:2      | Found Yjoipaun's Armour Shoppe.
  1783 | D:2      | Noticed Terence
  1794 | D:2      | Killed Terence
  2221 | D:2      | Found Peplics's Distillery.
  2258 | D:2      | Bought a potion of curing for 42 gold pieces
  2505 | D:2      | Found a shimmering altar of Xom.
  2943 | D:3      | Reached skill level 6 in Axes
  2951 | D:3      | Reached skill level 5 in Fighting
  2970 | D:3      | Reached *** piety under Trog
  3160 | D:3      | Found Dadaolo's Antique Armour Shop.
  3296 | D:3      | Found a burning altar of Makhleb.
  3465 | D:4      | Found Puekan's General Store.
  3468 | D:4      | Bought a scroll of identify for 24 gold pieces
  3515 | D:4      | Found a staircase to the Ecumenical Temple.
  3638 | D:4      | Found a snail-covered altar of Cheibriados.
  3859 | D:4      | Found a runed translucent door.
  3860 | D:4      | Noticed Crazy Yiuf
  4035 | D:4      | Found a hide-covered altar of Uskayaw.
  4204 | D:4      | Killed Crazy Yiuf
  4263 | D:5      | Entered Level 5 of the Dungeon
  4288 | D:5      | Reached XP level 7. HP: 56/61 MP: 6/6
  4559 | D:5      | Noticed Blork the orc
  4569 | D:5      | Killed Blork the orc
  4965 | D:5      | Reached skill level 7 in Axes
  5007 | D:6      | Reached XP level 8. HP: 70/70 MP: 7/7
  5008 | D:6      | Noticed Eustachio
  5011 | D:6      | Reached skill level 5 in Armour
  5432 | D:6      | Killed Eustachio
  5806 | D:6      | Noticed Maggie
  5821 | D:6      | Killed Maggie
  5822 | D:6      | Reached skill level 8 in Axes
  6155 | D:6      | Reached XP level 9. HP: 44/78 MP: 8/8
  6358 | D:6      | Found a white marble altar of Elyvilon.
  6365 | D:6      | Found a shimmering altar of Xom.
  6366 | D:6      | Found a sparkling altar of Nemelex Xobeh.
  6531 | D:6      | Noticed Dowan
  6532 | D:6      | Noticed Duvessa
  6537 | D:6      | Killed Dowan
  6544 | D:6      | HP: 4/117 [Duvessa/+2 short sword of electrocution (20)]
  6545 | D:6      | Killed Duvessa
  7334 | D:7      | Reached skill level 9 in Axes
  7566 | D:7      | Reached skill level 5 in Stealth
  7856 | D:7      | Reached skill level 5 in Evocations
  7945 | D:7      | Found a hazy altar of Hepliaklqana.
  8017 | D:7      | Found Fystia Nifi's Assorted Antiques.
  8021 | D:7      | Bought a blue potion for 26 gold pieces
  8021 | D:7      | Bought a bubbling red potion for 26 gold pieces
  8021 | D:7      | Bought a scroll labelled FYSTRA SOEFUMIT for 29 gold pieces
  8021 | D:7      | Bought a scroll labelled AWKIFOIWUTY for 29 gold pieces
  8255 | D:7      | Reached **** piety under Trog
  8501 | D:8      | Noticed a two-headed ogre
  8508 | D:8      | Killed a two-headed ogre
  8509 | D:8      | Reached XP level 10. HP: 86/86 MP: 9/9
  8697 | D:8      | Reached skill level 10 in Axes
  8734 | D:8      | Found a staircase to the Lair.
  9237 | D:8      | Noticed a two-headed ogre
  9246 | D:8      | Killed a two-headed ogre
  9776 | D:9      | Noticed Prince Ribbit
  9776 | D:9      | Noticed Gastronok
  9791 | D:9      | Killed Prince Ribbit
  9792 | D:9      | Reached skill level 11 in Axes
  9792 | D:9      | Killed Gastronok
 10289 | D:9      | Found a blossoming altar of Fedhas.
 10289 | D:9      | Found an opulent altar of Gozag.
 10309 | D:9      | Noticed a two-headed ogre
 10322 | D:9      | Killed a two-headed ogre
 10323 | D:9      | Reached XP level 11. HP: 94/94 MP: 10/10
 10848 | D:9      | Noticed a two-headed ogre
 10855 | D:9      | Killed a two-headed ogre
 11329 | D:9      | Noticed Erica
 11352 | D:9      | Killed Erica
 11353 | D:9      | Reached skill level 12 in Axes
 11867 | D:10     | Entered Level 10 of the Dungeon
 12206 | D:10     | Found an ancient bone altar of Kikubaaqudgha.
 12238 | D:10     | Found a runed translucent gate.
 12238 | D:10     | Found a runed translucent gate.
 12238 | D:10     | Found a runed translucent gate.
 12239 | D:10     | Noticed BiteMe's ghost (novice DsVM)
 12322 | D:10     | Reached skill level 10 in Armour
 12462 | D:10     | Noticed Grum
 12481 | D:10     | Killed Grum
 12746 | D:10     | Found a bloodstained altar of Trog.
 13047 | D:10     | Noticed Fannar
 13829 | D:10     | Killed from afar by Fannar

Illustrated notes

Levels and vault maps discovered:
D:1:      giann_wishing_wells, layout_loops_ring, ebering_ecumenical_altar_webs
D:2:      layout_loops_ring, basic_altar, serial_shops, shop, shop,
          nicolae_square_shop, hangedman_decor_points, uniq_sigmund,
          uniq_terence
D:3:      layout_loops_cross, overflow_temple_1_default, serial_shops, shop,
          grunt_ministairs_10
D:4:      layout_basic, nicolae_uskayaw_suspiria, cheibriados_altar_1,
          minmay_temple_entry_mini_moons, minivault_23, minmay_misc_feat_square,
          nicolae_stop_n_shop_1, uniq_crazy_yiuf_cottage
D:5:      layout_basic, uniq_blork_the_orc
D:6:      layout_cave_pods, minitemple, uniq_maggie, uniq_eustachio,
          uniq_duvessa
D:7:      layout_basic, nicolae_hepliaklqana_monster_ancestors, serial_shops,
          shop, serial_bayou_pond_b
D:8:      cheibrodos_quashed, layout_cave_pods, david_lair_shrubbed
D:9:      layout_layer_cave, gammafunk_temple_overflow_wave, uniq_gastronok,
          uniq_erica, uniq_prince_ribbit1
D:10:     layout_long_grid, nicolae_overflow_hidden_temple, kennysheep_mini,
          gammafunk_ghost_necromancy, uniq_fannar, uniq_grum

Skill      XL: |  1  2  3  4  5  6  7  8  9 10 11 |
---------------+----------------------------------+-----
Axes           | 4 5 6 7 8 9 11 12 | 12.5
Fighting       | 4 5 6 7 8 |  8.9
Armour         | 3 4 6 8 9 10 | 10.2
Stealth        | 1 2 3 4 5 6 |  6.8
Evocations     | 1 2 3 4 5 6 |  6.7
Dodging        | 3 4 |  4.3
Shields        | |  0.8

Action                   |  1- 3 |  4- 6 |  7- 9 | 10-12 || total
-------------------------+-------+-------+-------+-------++-------
Melee: Hand axe          |    58 |   149 |   231 |       ||   438
       Headbutt          |     7 |    14 |    71 |    55 ||   147
       Punch             |       |     2 |     2 |     8 ||    12
       War axe           |       |       |    34 |   241 ||   275
Invok: Berserk           |     1 |     5 |     8 |     7 ||    21
Evoke: Wand              |       |       |       |     6 ||     6
  Use: Scroll            |     2 |     5 |     6 |     7 ||    20
       Potion            |       |     1 |       |     4 ||     5
 Stab: Sleeping          |       |     3 |       |       ||     3
Armor: Ring mail         |    16 |    47 |       |       ||    63
       Animal skin       |     2 |       |       |       ||     2
       Chain mail        |       |     2 |   151 |    30 ||   183
       Plate armour      |       |       |       |   149 ||   149
Dodge: Dodged            |    31 |    86 |   186 |    97 ||   400
Block: Other             |       |       |       |    20 ||    20
       Reflection        |       |       |       |     3 ||     3
